AoeStats
← CazadorGT

Oasis

509420424Analyzed
4v4 RM · 6d ago on Sep 26, 2026· 38m 58s· 8 players
Game mode
Random Map
Map size
Large (8 player)
Population
200
Speed
Normal
Resources
Standard
Victory
Conquest
Starting age
Dark Age
Ending age
Imperial Age
RankedLock teamsTeams togetherTeam positionsShared explorationLock speedFull tech treeHidden civsTurbo modeCheats
Victory
Defeat
🇬🇹 Goths · Guatemala
1149
+11
🇻🇪 Persians · Venezuela
1095
+14
🇮🇹 Koreans · Italy
1086
+14
🇦🇷 Franks · Argentina
878
+22
🇹🇷 Mongols · Türkiye
1193
-22
🇹🇷 Spanish · Türkiye
1015
-14
🇹🇷 Gurjaras · Türkiye
983
-13
🇹🇷 Franks · Türkiye
961
-12
Çalooo
0:36 Loom
12:35 Feudal Age
23:15 Castle Age
22:44 Wheelbarrow
26:25 Padded Archer Armor
26:17 Fletching
30:57 Bodkin Arrow
31:21 Leather Archer Armor
41:33 Imperial Age
romeo63
10:32 Feudal Age
11:03 Double-Bit Axe
15:36 Scale Barding Armor
15:42 Forging
14:59 Man-at-Arms
16:06 Padded Archer Armor
15:56 Fletching
22:33 Castle Age
21:27 Gold Mining
22:34 Horse Collar
24:33 Chain Barding Armor
24:27 Heavy Plow
26:30 Husbandry
31:08 Iron Casting
33:25 Wheelbarrow
hannibal
2:46 Loom
9:12 Feudal Age
10:41 Double-Bit Axe
19:12 Fletching
23:11 Castle Age
22:15 Padded Archer Armor
23:41 Forging
24:01 Thumb Ring
24:25 Pikeman
25:06 Squires
29:25 Scale Mail Armor
KingArthur
10:57 Feudal Age
14:20 Arson
13:56 Man-at-Arms
15:53 Scale Mail Armor
17:03 Loom
19:17 Forging
23:51 Castle Age
24:41 Stone Mining
25:12 Gambesons
25:37 Long Swordsman
26:47 Chain Mail Armor
31:04 Double-Bit Axe
37:06 Squires
36:26 Pikeman
CazadorGT
8:35 Loom
10:24 Feudal Age
11:14 Man-at-Arms
13:37 Forging
16:11 Double-Bit Axe
16:45 Scale Mail Armor
20:52 Fletching
25:42 Horse Collar
25:54 Gold Mining
30:57 Castle Age
30:26 Stone Mining
31:29 Wheelbarrow
30:45 Town Watch
31:41 Bodkin Arrow
35:33 Bow Saw
35:25 Heavy Plow
36:50 Wheelbarrow
36:57 Stone Shaft Mining
dejame_ganar
6:20 Loom
8:39 Feudal Age
9:46 Double-Bit Axe
15:45 Horse Collar
18:45 Forging
18:41 Scale Barding Armor
20:40 Castle Age
19:54 Bloodlines
22:10 Iron Casting
21:56 Chain Barding Armor
23:21 Husbandry
28:26 Chain Barding Armor
41:50 Imperial Age
39:07 Town Watch
39:57 Wheelbarrow
COSTAMDP
12:12 Feudal Age
21:07 Castle Age
20:56 Forging
23:10 Husbandry
28:57 Double-Bit Axe
31:06 Iron Casting
31:58 Gold Mining
31:59 Stone Mining
verbumdei76
9:17 Loom
11:27 Feudal Age
9:46 Loom
12:29 Double-Bit Axe
14:57 Fletching
16:54 Town Watch
17:22 Scale Mail Armor
27:00 Castle Age
26:32 Gold Mining
27:03 Crossbowman
28:15 Thumb Ring
32:13 Wheelbarrow
32:28 Scale Barding Armor
37:47 Bodkin Arrow
38:16 Ballistics
38:07 Masonry
39:05 Bow Saw
38:39 Horse Collar
Connection lost

Rejoining the realm…

Still unreachable

The connection could not be restored.

Session expired

The server has moved on; the page needs a fresh start.